 Dungeon Crawl Stone Soup version 0.29.1-1-gd02db6906a (webtiles) character file.

Game seed: 5638467767176416076

3207 FastidiousMonk the Warrior (level 9, -14/96 (97) HPs)
             Began as a Black Draconian Berserker on Oct 6, 2022.
             Was an Elder of Trog.
             Demolished by a two-headed ogre
             ... wielding a +0 giant club
              (21 damage)
             ... on level 8 of the Dungeon.
             The game lasted 00:36:48 (6435 turns).

FastidiousMonk the Warrior (DrBe)                   Turns: 6435, Time: 00:36:48

HP:   -14/96 (97)   AC:  8    Str: 19    XL:     9   Next: 65%
MP:   9/9           EV: 12    Int:  9    God:    Trog [****..]
Gold: 329           SH:  5    Dex: 14    Spells: 8/8 levels left

rFire   . . .      SeeInvis .   a - +6 flail (protect)
rCold   + . .      Faith    .   (no shield)
rNeg    . . .      Spirit   .   (body armour unavailable)
rPois   .          Reflect  +   (helmet restricted)
rElec   +          Harm     .   (no cloak)
rCorr   .          Rampage  .   (no gloves)
Will    ++...                   M - +0 pair of boots
Stlth   +.........              f - amulet of reflection
HPRegen 1.26/turn               u - ring of protection from cold
MPRegen 0.11/turn               (no ring)

@: mighty, strong-willed, on berserk cooldown, regenerating, slowed, lightly
drained, very slow
A: breathe lightning, AC +7, unfitting armour, electricity resistance,
cold-blooded
a: Breathe Lightning, Renounce Religion, Berserk, Trog's Hand, Brothers in Arms


You were on level 8 of the Dungeon.
You worshipped Trog.
Trog was greatly pleased with you.
You visited 1 branch of the dungeon, and saw 8 of its levels.

You collected 329 gold pieces.

Inventory:

Hand Weapons
 a - a +6 flail of protection (weapon)
 b - a +0 sling
 n - the +1 dagger of Tuuggov {vorpal, rCorr Dex+3}
   (You found it on level 2 of the Dungeon)

   It inflicts extra damage upon your enemies.
   Dex:       It affects your dexterity (+3).
   rCorr:     It protects you from acid and corrosion.
Missiles
 c - 59 stones
 e - 3 throwing nets
 r - 3 poisoned darts
 w - 6 javelins
 A - 6 atropa-tipped darts
 E - 3 boomerangs (quivered)
 F - 2 datura-tipped darts
Armour
 M - a +0 pair of boots (worn)
Jewellery
 f - an amulet of reflection (around neck)
 u - a ring of protection from cold (left hand)
 H - an amulet of the acrobat
Wands
 s - a wand of roots (22)
 y - a wand of acid (4)
 B - a wand of polymorph (17)
 K - a wand of paralysis (14)
Scrolls
 d - 7 scrolls of teleportation
 h - a scroll of summoning {unknown}
 j - a scroll of amnesia {unknown}
 p - 2 scrolls of noise {unknown}
 q - 4 scrolls of fog {unknown}
 v - a scroll of vulnerability {unknown}
 x - 2 scrolls of poison {unknown}
 D - a scroll of enchant weapon {unknown}
 I - 2 scrolls of magic mapping {unknown}
 J - a scroll of brand weapon {unknown}
Potions
 g - 2 potions of resistance
 i - 2 potions of cancellation {unknown}
 k - a potion of lignification {unknown}
 l - 3 potions of curing
 m - 3 potions of mutation {unknown}
 o - 3 potions of invisibility {unknown}
 t - 2 potions of might
 z - a potion of berserk rage {unknown}
 C - a potion of heal wounds {unknown}
 G - a potion of haste {unknown}
 L - a potion of attraction {unknown}


   Skills:
 + Level 15.0 Fighting
 - Level 3.0 Axes
 - Level 2.6 Dodging


You had 8 spell levels left.
You didn't know any spells.
Your spell library contained the following spells:

 Spells                   Type           Power      Damage    Failure   Level
 Blink                    Tloc           0%         N/A       52%         2
 Lesser Beckoning         Tloc           0%         N/A       77%         3
 Manifold Assault         Tloc           0%         N/A       100%        5


Dungeon Overview and Level Annotations

Branches:
Dungeon (8/15)             Temple (0/1) D:6
   Lair: D:8-11

Altars:
Gozag
Okawaru
Ru
Yredelemnul

Shops:
D:4 =

Annotations:
D:4 Shop(Jewelry), D:5 2 transporters, Rudyous's ghost, novice MiFi
D:8 Pikel


Innate Abilities, Weirdness & Mutations

You can breathe wild blasts of lightning.
Your glossy black scales are hard. (AC +7)
You cannot fit into any form of body armour.
You are resistant to electric shocks. (rElec)
You are cold-blooded and may be slowed by cold attacks.


Message History

A lemure comes into view.
The yak gores you!
* * * LOW HITPOINT WARNING * * *
The yak gores you.
* * * LOW HITPOINT WARNING * * *
You block the orc's attack. The orc warrior misses you.
Okay, then.
Your skin crawls.
You feel strong-willed.
The centaur hits you but does no damage.
The centaur kicks you but does no damage.
The yak gores you but does no damage. x2; The orc warrior closely misses you.
The orc barely misses you. The necrophage hits you.
* * * LOW HITPOINT WARNING * * *
The lemure barely misses you.
Pikel, Merchant of Souls comes into view.
He is wielding a +2 whip of flaming.
The centaur hits you but does no damage.
The centaur barely misses you. You block the yak's attack. The yak gores you!
* * * LOW HITPOINT WARNING * * *
A lemure comes into view.
The lemure misses you. The necrophage barely misses you.
The orc warrior hits you but does no damage.
Pikel moves out of view.
You feel very mighty all of a sudden. You block the centaur's attack.
The centaur closely misses you. x3
The yak gores you.
* * * LOW HITPOINT WARNING * * *
You block the yak's attack.
The orc warrior hits you but does no damage.
The lemure hits you but does no damage. The necrophage closely misses you.
The centaur barely misses you. The centaur closely misses you.
You barely miss the centaur.
The centaur is almost dead.
The centaur hits you but does no damage.
The centaur kicks you but does no damage.
The yak gores you but does no damage. The yak misses you. The lemure hits you.
* * * LOW HITPOINT WARNING * * *
The orc warrior barely misses you. The necrophage closely misses you.
The two-headed ogre hits you with a +0 giant club!!
You die...

..# ##.....
##.. .....5.
#... .......
#...##.......
.......5....
####.?h.......
##....c5Oo.....
#.....)@n5.....
###...YYo......
###..{.......
#.......?...
##..........
##.........
..........
..####.###


You could see a two-headed ogre, 2 yaks, an orc warrior, a black bear, 4
lemures, a necrophage, a centaur and an orc.

Vanquished Creatures
  Sigmund (D:3)
  3 yaks (D:8)
  Edmund (D:4)
  A water moccasin (D:7)
  Duvessa (D:6)
  An ice beast (D:5)
  2 black bears
  An orc warrior (D:6)
  An ogre (D:7)
  A centaur (D:7)
  2 phantoms
  4 scorpions
  3 necrophages
  Dowan (D:6)
  A howler monkey (D:5)
  A gnoll bouda (D:7)
  8 orc priests
  4 hounds
  7 iguanas
  6 orc wizards
  11 gnolls
  7 adders
  2 shadow imps (D:6)
  An ufetubus (D:5)
  2 worms
  2 dart slugs
  30 orcs
  8 ball pythons
  5 bats
  4 endoplasms
  2 giant cockroaches
  3 hobgoblins
  11 jackals
  6 kobolds
  3 quokkas
  4 frilled lizards
  5 goblins
  11 rats
167 creatures vanquished.

Vanquished Creatures (collateral kills)
  A yak (D:8)
1 creature vanquished.

Vanquished Creatures (others)
  An orc (D:8)
1 creature vanquished.

Grand Total: 169 creatures vanquished

Notes
Turn   | Place    | Note
-------+----------+-------------------------------------------
     0 | D:1      | FastidiousMonk the Draconian Berserker began the quest for
                  | the Orb.
     0 | D:1      | Reached XP level 1. HP: 19/19 MP: 1/1
   116 | D:1      | Reached XP level 2. HP: 25/27 MP: 2/2
   173 | D:1      | Reached skill level 4 in Fighting
   327 | D:1      | Found a faded altar of an unknown god.
   460 | D:1      | Reached ** piety under Trog
   860 | D:2      | Reached XP level 3. HP: 21/34 MP: 3/3
  1121 | D:2      | Found an opulent altar of Gozag.
  1159 | D:2      | Identified the +1 dagger of Tuuggov {vorpal, rCorr Dex+3}
  1449 | D:2      | Reached skill level 5 in Fighting
  1675 | D:3      | Noticed Sigmund
  1690 | D:3      | Killed Sigmund
  1691 | D:3      | Reached skill level 6 in Fighting
  1691 | D:3      | Reached XP level 4. HP: 45/45 MP: 4/4
  1691 | D:3      | Reached XP level 5. HP: 51/51 MP: 5/5
  1783 | D:3      | Reached skill level 7 in Fighting
  2257 | D:4      | Found Largh's Jewellery Shoppe.
  2392 | D:4      | Paralysed by an orc for 3 turns
  2486 | D:4      | Reached *** piety under Trog
  2487 | D:4      | Reached XP level 6. HP: 54/60 MP: 6/6
  2704 | D:4      | Noticed Edmund
  2765 | D:4      | Killed Edmund
  2766 | D:4      | Reached skill level 8 in Fighting
  3254 | D:4      | Your scales start taking on a glossy black colour.
  3254 | D:4      | Reached XP level 7. HP: 69/69 MP: 7/7
  3254 | D:4      | Gained mutation: You are resistant to electric shocks.
                  | (rElec) [Black Draconian growth]
  3768 | D:5      | Entered Level 5 of the Dungeon
  3822 | D:5      | Reached skill level 9 in Fighting
  3966 | D:5      | Found a transporter.
  3966 | D:5      | Found a transporter.
  4053 | D:5      | Reached skill level 10 in Fighting
  4153 | D:5      | Noticed a hornet
  4161 | D:5      | Noticed Rudyous's ghost (novice MiFi)
  4174 | D:5      | Found an iron altar of Okawaru.
  4371 | D:5      | Reached XP level 8. HP: 81/81 MP: 8/8
  4510 | D:5      | Found a basalt altar of Yredelemnul.
  4764 | D:6      | Reached skill level 11 in Fighting
  4995 | D:6      | Reached skill level 12 in Fighting
  4995 | D:6      | Reached **** piety under Trog
  5096 | D:6      | Found a staircase to the Ecumenical Temple.
  5306 | D:6      | Noticed Duvessa
  5306 | D:6      | Noticed Dowan
  5315 | D:6      | Killed Dowan
  5325 | D:6      | Killed Duvessa
  5512 | D:6      | Found a sacrificial altar of Ru.
  5594 | D:7      | Reached skill level 13 in Fighting
  5594 | D:7      | Reached XP level 9. HP: 80/93 MP: 9/9
  6092 | D:7      | Reached skill level 14 in Fighting
  6429 | D:8      | Reached skill level 15 in Fighting
  6430 | D:8      | Noticed a two-headed ogre
  6433 | D:8      | Noticed Pikel
  6435 | D:8      | Demolished by a two-headed ogre

Illustrated notes

Levels and vault maps discovered:
D:1:      mushboom_english_gardens, layout_rooms,
          chequers_ecumenical_altar_simple_redux, grunt_decor_arrowhead
D:2:      layout_loops_ring, basic_altar,
          nicolae_concentric_dashed_squares_wild, solitary_fountain
D:3:      layout_rooms, guppyfry_early_lair_pool, uniq_sigmund
D:4:      layout_loops_ring, serial_shops, nicolae_shop_stone, uniq_edmund
D:5:      layout_gridville, kennysheep_mini, okawaru_metal_pillars_3,
          gammafunk_ghost_hive, st_stairs_4
D:6:      layout_cave_pools, mainiacjoe_overflow_alcove_4,
          minmay_temple_entry_junction, uniq_duvessa
D:7:      layout_rooms, corexii_checkpoint_b
D:8:      layout_cave_pools, serial_bayou_pond_e, st_stairs_3, uniq_pikel

Skill      XL: |  1  2  3  4  5  6  7  8  9 |
---------------+----------------------------+-----
Fighting       | 4 6 7 8 10 13 15 | 15.0
Axes           | |  3.0
Dodging        | |  2.6

Action                   |  1- 3 |  4- 6 |  7- 9 || total
-------------------------+-------+-------+-------++-------
Melee: Hand axe          |    64 |       |       ||    64
       Tailslap          |    12 |    19 |    41 ||    72
       Dagger            |    27 |   105 |       ||   132
       Flail             |       |    28 |   274 ||   302
       Punch             |       |     3 |     3 ||     6
 Fire: Sling             |     5 |       |       ||     5
Throw: Dart              |       |    10 |     9 ||    19
       Boomerang         |       |       |     2 ||     2
       Stone             |       |       |     1 ||     1
Invok: Berserk           |     1 |     4 |     5 ||    10
       Trog's Hand       |       |       |     2 ||     2
       Brothers in Arms  |       |       |     1 ||     1
  Use: Scroll            |     2 |     2 |     1 ||     5
       Potion            |       |       |     1 ||     1
 Stab: Sleeping          |       |     1 |     1 ||     2
Armor: Skin              |    23 |    28 |   155 ||   206
Dodge: Dodged            |    39 |    72 |   206 ||   317
Block: Other             |     5 |    34 |    76 ||   115
       Reflection        |       |       |     2 ||     2
